 Dungeon Sprint DCSS version 0.17.1-3-g152610e (webtiles) character file.

630 Kokonut the Destroyer (level 7, -9/51 HPs)
             Began as a Deep Elf Conjurer on Mar 31, 2016.
             Was a Follower of Vehumet.
             Mangled by a merfolk
             ... wielding a +0 trident
              (20 damage)
             ... in the Dungeon (Sprint V: "Ziggurat Sprint").
             The game lasted 00:05:35 (196 turns).

Kokonut the Destroyer (Deep Elf Conjurer)            Turns: 196, Time: 00:05:35

Health: -9/51      AC:  2    Str:  5    XL:     7   Next: 24%
Magic:  19/27      EV:  7    Int: 28    God:    Vehumet [*.....]
Gold:   0          SH:  0    Dex: 15    Spells: 5 memorised, 9 levels left

rFire  . . .     SeeInvis .     M - +6 Majin-Bo {vamp, Archmagi MP+6 Int+6}
rCold  . . .     Clarity  .     a - +0 robe
rNeg   . . .     SustAt   .     (shield currently unavailable)
rPois  .         Gourm    .     (no helmet)
rElec  .         Spirit   .     (no cloak)
rCorr  .         Warding  .     (no gloves)
rMut   .         NoTele   +     (no boots)
MR     .....                    (no amulet)
Stlth  ++........               (no ring)
                                (no ring)

@: held, not resistant to hostile enchantments, unstealthy
A: no striking features
a: Renounce Religion


You were in the Dungeon.
You worshipped Vehumet.
Vehumet was aware of your devotion.
You were not hungry.

You visited 1 branch

Inventory:

Hand Weapons
 M - the +6 Majin-Bo (weapon) {vamp, Archmagi MP+6 Int+6}
   (You found it in the Dungeon)

   It inflicts no extra harm, but heals its wielder somewhat when it strikes a
   living foe.
   It affects your intelligence (+6).
   It affects your magic capacity (+6).
Armour
 a - a +0 robe (worn)
Magical Staves
 C - an uncursed staff of energy
Jewellery
 E - a +6 ring of dexterity
 F - a +6 ring of dexterity
 G - a +6 ring of intelligence
 H - a +6 ring of intelligence
 I - a +6 ring of strength
 J - a +6 ring of strength
 K - an uncursed ring of flight
Wands
 y - a wand of disintegration (7)
 z - a wand of fire (5)
 A - a wand of cold (5)
 B - a wand of draining (5)
Scrolls
 i - 4 scrolls of blinking
 p - 4 scrolls of amnesia
 q - 3 scrolls of recharging
 r - 7 scrolls of fog
 s - a scroll of holy word
 t - 5 scrolls of identify
 u - 5 scrolls of remove curse
 v - 2 scrolls of fear
Potions
 d - 10 potions of curing
 e - 7 potions of heal wounds
 f - 6 potions of haste
 g - 6 potions of magic
 h - 2 potions of berserk rage
 j - 2 potions of brilliance
 k - 2 potions of invisibility
 l - 4 potions of resistance
 n - 5 potions of agility
 o - 5 potions of might
Books
 b - a book of Conjurations

   Spells                             Type                      Level
   a - Magic Dart                     Conjuration                  1
   b - Searing Ray                    Conjuration                  2
   c - Dazzling Spray                 Conjuration/Hexes            3
   d - Fulminant Prism                Conjuration/Hexes            4
   e - Iskenderun's Mystic Blast      Conjuration                  4
   f - Iskenderun's Battlesphere      Conjuration/Charms           5
Miscellaneous
 D - a crystal ball of energy
 L - a disc of storms
Comestibles
 c - 5 bread rations
 w - 39 fruits
 x - 4 meat rations


   Skills:
 - Level 9.2 Fighting
 + Level 4.5 Dodging
 - Level 2.4 Stealth
 + Level 9.3 Spellcasting
 * Level 11.1 Conjurations


You had 9 spell levels left.
You knew the following spells:

 Your Spells              Type           Power        Failure   Level  Hunger
a - Magic Dart            Conj           ####         1%          1    None
b - Dazzling Spray        Conj/Hex       ######..     1%          3    None
c - Iskenderun's Mystic   Conj           #######.     1%          4    None
d - Searing Ray           Conj           ######       1%          2    None
e - Iskenderun's Battles  Conj/Chrm      ######..     14%         5    ####...


Dungeon Overview and Level Annotations

Branches:
Dungeon (1/1)

Altars:
Ashenzari
Cheibriados
Dithmenos
Elyvilon
Fedhas
Gozag
Kikubaaqudgha
Makhleb
Nemelex Xobeh
Okawaru
Qazlal
Ru
Sif Muna
Trog
Vehumet
Xom
Yredelemnul
Zin
The Shining One
Beogh
Jiyva
Lugonu


Message History

* * * LOW HITPOINT WARNING * * *
Casting: Dazzling Spray
Confirm with . or Enter, or press ? or * to list all spells.
Aiming: Dazzling Spray
Press: ? - help, Shift-Dir - straight line, f/p - merfolk
Aim: a merfolk, wielding a trident (severely wounded, blind)
You feel a surge of power!
The spray of energy hits the merfolk.
The merfolk is almost dead.
The spray of energy hits the merfolk.
The merfolk is severely wounded.
* * * LOW HITPOINT WARNING * * *
The merfolk hits you from afar with an enchanted trident.
* * * LOW HITPOINT WARNING * * *
The merfolk completely misses you.
Drink which item? (? for menu, Esc to quit)
You feel much better.
The merfolk hits you from afar with an enchanted trident!
* * * LOW HITPOINT WARNING * * *
The merfolk hits you from afar with a trident!!
You die...

▓▓▓▓▓▓▓▓▓▓▓▓▓
▓.8©8.▓.8©8.▓
▓.\"%.▓.....▓
▓.....▓.).}.▓
▓.....▓.....▓
▓..mm.▓.....▓
▓.....▓.....▓
▓..@..▓▓▓▓▓▓▓
▓▓▓▓▓▓▓


You could see 2 merfolk.

Vanquished Creatures
  A merfolk (D)
  A golden eye (D)
  An eye of draining (D)
3 creatures vanquished.

Notes
Turn   | Place    | Note
--------------------------------------------------------------
     0 | D        | Kokonut the Deep Elf Conjurer began the quest for the Orb.
     0 | D        | Reached XP level 1. HP: 10/10 MP: 6/6
     0 | D        | Found a roughly hewn altar of Beogh.
     0 | D        | Found a corrupted altar of Lugonu.
     0 | D        | Found a viscous altar of Jiyva.
     0 | D        | Found a white marble altar of Elyvilon.
     0 | D        | Found a sparkling altar of Nemelex Xobeh.
     0 | D        | Found a burning altar of Makhleb.
     0 | D        | Found an iron altar of Okawaru.
     0 | D        | Found a deep blue altar of Sif Muna.
     0 | D        | Found a radiant altar of Vehumet.
     0 | D        | Found a bloodstained altar of Trog.
     0 | D        | Found a shimmering altar of Xom.
    32 | D        | Became a worshipper of Vehumet
    41 | D        | Entered arena 1.
    41 | D        | Noticed a golden eye
    41 | D        | Noticed an eye of draining
    46 | D        | Killed a golden eye
    46 | D        | Reached skill level 7 in Spellcasting
    46 | D        | Reached skill level 9 in Conjurations
    46 | D        | Reached XP level 2. HP: 20/20 MP: 0/12
    46 | D        | Reached XP level 3. HP: 24/24 MP: 0/13
    46 | D        | Reached XP level 4. HP: 28/29 MP: 0/15
    46 | D        | Reached XP level 5. HP: 31/33 MP: 0/16
    57 | D        | Killed an eye of draining
    57 | D        | Reached skill level 10 in Conjurations
    62 | D        | Reached XP level 6. HP: 38/46 MP: 2/19
    67 | D        | Learned a level 3 spell: Dazzling Spray
    72 | D        | Learned a level 4 spell: Iskenderun's Mystic Blast
    75 | D        | Learned a level 2 spell: Searing Ray
    81 | D        | Learned a level 5 spell: Iskenderun's Battlesphere
   181 | D        | Entered arena 2.
   181 | D        | Noticed a merfolk
   181 | D        | Noticed a merfolk
   181 | D        | Noticed a merfolk
   184 | D        | Killed a merfolk
   184 | D        | Reached * piety under Vehumet
   184 | D        | Offered knowledge of Sandblast by Vehumet.
   184 | D        | Reached skill level 11 in Conjurations
   184 | D        | Reached XP level 7. HP: 44/51 MP: 15/21
   189 | D        | HP: 1/51 [the Majin-Bo (2)]
   195 | D        | HP: 1/51 [merfolk/enchanted trident (4)]
   196 | D        | Mangled by a merfolk

Action                   |  1- 3 |  4- 6 |  7- 9 || total
-------------------------+-------+-------+-------++-------
Melee: Quarterstaff      |     2 |     9 |       ||    11
 Cast: Dazzling Spray    |       |     2 |     5 ||     7
       Iskenderun's Myst |       |       |     2 ||     2
       Magic Dart        |       |       |     1 ||     1
       Searing Ray       |       |       |     1 ||     1
  Use: Potion            |     1 |     1 |     4 ||     6
  Eat: Fruit             |     2 |     1 |       ||     3
